AoeStats
← ZZZ1

Black Forest

510442799Analyzed
4v4 RM · 1d ago on Oct 1, 2026· 17m 55s· 8 players
Game mode
Random Map
Map size
Large (8 player)
Population
200
Speed
Normal
Resources
Standard
Victory
Conquest
Starting age
Dark Age
Ending age
Imperial Age
RankedLock teamsTeams togetherTeam positionsShared explorationLock speedFull tech treeHidden civsTurbo modeCheats
Victory
Defeat
🇺🇸 Cumans · United States
1180
+14
🇺🇸 Khmer · United States
1177
+14
🇧🇷 Saracens · Brazil
1160
+14
🇹🇼 Franks · Taiwan
1134
+15
🇺🇸 Bohemians · United States
1143
-15
🇲🇽 Sicilians · Mexico
1125
-14
🇺🇸 Vikings · United States
1121
-14
🇨🇴 Romans · Colombia
1108
-14
Klingsor
11:15 Feudal Age
11:57 Double-Bit Axe
12:32 Horse Collar
15:07 Castle Age
15:15 Gold Mining
StanTheMan
1:04 Loom
11:52 Feudal Age
16:53 Castle Age
WhiteFrost
0:28 Loom
11:28 Feudal Age
12:26 Double-Bit Axe
17:04 Castle Age
Arthedain
11:40 Feudal Age
16:23 Castle Age
14:13 Double-Bit Axe
14:20 Horse Collar
15:25 Gold Mining
Homestarr
10:45 Feudal Age
14:18 Castle Age
13:11 Double-Bit Axe
wyrdJ
1:07 Loom
11:31 Feudal Age
12:54 Double-Bit Axe
14:51 Fletching
18:06 Wheelbarrow
ZZZ1
10:41 Feudal Age
14:50 Castle Age
12:37 Double-Bit Axe
-ShaDoW
0:42 Loom
12:38 Feudal Age
16:52 Castle Age
15:47 Double-Bit Axe
15:43 Horse Collar
17:57 Bow Saw
Connection lost

Rejoining the realm…

Still unreachable

The connection could not be restored.

Session expired

The server has moved on; the page needs a fresh start.